 Dungeon Crawl Stone Soup version 0.20-a0-251-g16a58bf (webtiles) character file.

4617 rjrrt the Destroyer (level 10, 0/56 HPs)
             Began as a Deep Elf Fire Elementalist on Dec 1, 2016.
             Shot with an arrow by a centaur warrior (12 damage)
             ... on level 8 of the Dungeon.
             The game lasted 00:26:29 (9090 turns).

rjrrt the Destroyer (Deep Elf Fire Elementalist)    Turns: 9090, Time: 00:26:30

Health: 0/56       AC: 10    Str:  5    XL:     10   Next: 19%
Magic:  14/24      EV: 16    Int: 29    God:
Gold:   383        SH:  0    Dex: 15    Spells: 10/26 levels left

rFire  . . .     SeeInvis .     a - +0 halberd (protect)
rCold  . . .     Gourm    .     r - +0 robe
rNeg   . . .     Faith    .     (shield currently unavailable)
rPois  .         Spirit   .     u - +2 helmet
rElec  .         Reflect  .     o - +2 cloak
rCorr  .         Harm     .     y - +0 pair of gloves
MR     +....                    l - +0 pair of boots
Stlth  ++........               e - amulet of regeneration
                                (no ring)
                                i - +5 ring of intelligence

@: no status effects
A: no striking features
a: no special abilities


You were on level 8 of the Dungeon.
You were not hungry.

You visited 2 branches of the dungeon, and saw 9 of its levels.

You collected 383 gold pieces.

Inventory:

Hand Weapons
 a - a +0 halberd of protection (weapon)
Missiles
 m - 5 javelins of penetration
 w - 8 javelins (quivered)
Armour
 l - a +0 pair of boots (worn)
 o - a +2 cloak (worn)
 r - a +0 robe (worn)
 u - a +2 helmet (worn)
 y - a +0 pair of gloves (worn)
Jewellery
 e - an amulet of regeneration (around neck)
 f - an uncursed ring of ice
 i - a +5 ring of intelligence (left hand)
 n - an uncursed ring of fire
Wands
 g - a wand of iceblast (2/15)
Scrolls
 d - 3 scrolls of fear
 k - 5 scrolls of remove curse
 p - 2 scrolls of immolation
 v - 2 scrolls of enchant armour
 x - 2 scrolls of identify
Potions
 q - 2 potions of heal wounds
 s - a potion of might
 t - 3 potions of brilliance
 z - a potion of flight
 A - a potion of haste
 B - a potion of cure mutation
Comestibles
 c - 8 bread rations
 h - 4 meat rations
 j - a chunk of flesh


   Skills:
 + Level 4.1 Fighting
 + Level 6.8 Dodging
 - Level 2.4 Stealth
 + Level 8.7 Spellcasting
 * Level 10.3 Conjurations
 + Level 7.7 Fire Magic


You had 10 spell levels left.
You knew the following spells:

 Your Spells              Type           Power        Failure   Level  Hunger
a - Flame Tongue          Conj/Fire      #####        1%          1    None
b - Conjure Flame         Conj/Fire      ######..     1%          3    None
c - Sticky Flame          Conj/Fire      ######..     1%          4    None
d - Fireball              Conj/Fire      ######....   3%          5    ####...
i - Inner Flame           Hex/Fire       #####...     2%          3    None


Dungeon Overview and Level Annotations

Branches:
Dungeon (8/15)             Temple (1/1) D:4
   Lair: D:8-11

Altars:
Ashenzari
Cheibriados
Dithmenos
Elyvilon
Fedhas
Gozag
Hepliaklqana
Kikubaaqudgha
Makhleb
Nemelex Xobeh
Okawaru
Qazlal
Ru
Sif Muna
Trog
Uskayaw
Xom
Yredelemnul
Zin
The Shining One


Message History

The fireball explodes!
The fireball engulfs the centaur warrior.
The centaur warrior is heavily wounded.
You hear a loud, deep croak!
The centaur warrior shoots an arrow.
The arrow hits you!!
* * * LOW HITPOINT WARNING * * *
The centaur warrior shoots an arrow.
The arrow hits you.
* * * LOW HITPOINT WARNING * * *
Unknown command.
Casting: Fireball
Confirm with . or Enter, or press ? or * to list all spells.
Aiming: Fireball
Press: ? - help, Shift-Dir - straight line, f/p - centaur warrior
Aim: a centaur warrior, wielding a shortbow (moderately wounded)
The fireball explodes!
The fireball engulfs the centaur warrior.
The centaur warrior is heavily wounded.
You hear a bark!
The centaur warrior shoots an arrow.
The arrow hits you!
You die...

#.# ##.....## ##..###
#.## ##...## #.....
#..# ##'## #..###
##.# #<# #..... #.#
##.## ##.### ##.##
##.#.##### #.#
#...#####.###....#
#.#
#..........#..##.#
#.#
#...######@..###.#
#.# ##### ###.##
#.######.# ##...#
#........#
####..#)#############
.........c.........
#....######....####
.... #........ ..#
#........ . #........


You could see a centaur warrior.

Vanquished Creatures
  An ugly thing (D:8)
  A two-headed ogre (D:8)
  Grinder (D:3)
  Sigmund (D:3)
  A spriggan (D:7)
  3 yaks (D:7)
  A water moccasin (D:7)
  2 sky beasts
  An ice beast (D:7)
  A black bear (D:6)
  2 orc warriors
  2 phantoms
  4 centaurs
  4 ogres
  2 bullfrogs
  A water moccasin zombie (D:8)
  2 scorpions
  4 killer bees (D:7)
  2 crimson imps (D:6)
  A bullfrog zombie (D:5)
  2 centaur skeletons
  A hound (D:6)
  4 orc priests
  A bullfrog skeleton (D:6)
  Ijyb (D:3)
  13 worker ants
  2 iguanas (D:5)
  5 orc wizards
  A hound zombie (D:7)
  2 worker ant zombies
  9 gnolls
  7 adders
  3 shadow imps
  An adder skeleton (D:7)
  2 worms (D:2)
  2 dart slugs
  4 leopard geckos
  10 orcs
  9 bats
  5 giant cockroaches
  4 goblins
  8 hobgoblins
  14 jackals
  2 quokkas
  2 ball pythons (D:3)
  4 frilled lizards (D:2)
  7 kobolds
  A quokka skeleton (D:4)
  4 rats
167 creatures vanquished.

Vanquished Creatures (others)
  A wizard (D:6)
1 creature vanquished.

Grand Total: 168 creatures vanquished

Notes
Turn   | Place    | Note
-------+----------+-------------------------------------------
     0 | D:1      | rjrrt the Deep Elf Fire Elementalist began the quest for the Orb.
     0 | D:1      | Reached XP level 1. HP: 10/10 MP: 6/6
   244 | D:1      | Reached XP level 2. HP: 15/15 MP: 6/8
   267 | D:1      | Reached skill level 2 in Conjurations
  1089 | D:2      | Reached XP level 3. HP: 19/19 MP: 6/10
  1282 | D:2      | Found a faded altar of an unknown god.
  1472 | D:2      | Learned a level 3 spell: Conjure Flame
  2109 | D:3      | Noticed Ijyb
  2124 | D:3      | Killed Ijyb
  2124 | D:3      | Reached skill level 3 in Conjurations
  2124 | D:3      | Reached XP level 4. HP: 19/24 MP: 3/12
  2249 | D:3      | Learned a level 4 spell: Sticky Flame
  2822 | D:3      | Reached XP level 5. HP: 28/28 MP: 3/13
  2887 | D:3      | Noticed Sigmund
  3110 | D:4      | Found a staircase to the Ecumenical Temple.
  3115 | Temple   | Entered the Ecumenical Temple
  3311 | D:4      | Reached skill level 4 in Conjurations
  3889 | D:4      | Reached XP level 6. HP: 32/32 MP: 13/15
  3903 | D:4      | Learned a level 5 spell: Fireball
  4166 | D:4      | Reached skill level 5 in Spellcasting
  4313 | D:5      | Entered Level 5 of the Dungeon
  4351 | D:5      | Reached skill level 5 in Conjurations
  4626 | D:5      | Reached skill level 5 in Fire Magic
  4727 | D:5      | Found a sacrificial altar of Ru.
  4758 | D:5      | Reached XP level 7. HP: 36/36 MP: 4/17
  4764 | D:5      | Reached skill level 6 in Conjurations
  5260 | D:5      | Found an opulent altar of Gozag.
  5443 | D:5      | Reached skill level 1 in Fighting
  5569 | D:5      | Reached skill level 7 in Conjurations
  5590 | D:5      | Reached XP level 8. HP: 43/43 MP: 8/19
  5660 | D:5      | Found an iron altar of Okawaru.
  5660 | D:5      | Found a burning altar of Makhleb.
  6534 | D:6      | Found an opulent altar of Gozag.
  6774 | D:6      | Found a bloodstained altar of Trog.
  6778 | D:6      | Noticed a wizard
  6781 | D:6      | Killed a wizard
  7067 | D:7      | Reached skill level 8 in Conjurations
  7336 | D:7      | Reached XP level 9. HP: 49/49 MP: 12/22
  7493 | D:7      | Reached skill level 5 in Dodging
  7600 | D:7      | Reached skill level 9 in Conjurations
  8530 | D:3      | Noticed Grinder
  8533 | D:3      | Killed Sigmund
  8533 | D:3      | Reached skill level 10 in Conjurations
  8579 | D:3      | Killed Grinder
  8579 | D:3      | Reached XP level 10. HP: 45/56 MP: 15/24
  8808 | D:8      | Learned a level 3 spell: Inner Flame
  8870 | D:8      | Noticed a brown ugly thing
  8890 | D:8      | Killed a brown ugly thing
  9087 | D:8      | Noticed a centaur warrior
  9090 | D:8      | Shot with an arrow by a centaur warrior

Vault maps used:
D:1:      dpeg_arrival_rooms_c, minmay_strange_pillars
D:2:      chequers_ecumenical_altar_simple_redux, first_bread
D:3:      kennysheep_big_flooded_room, uniq_grinder, uniq_iyjb, uniq_sigmund
D:5:      kennysheep_mini_moat, gammafunk_temple_overflow_wave,
          nicolae_gozag_seed_capital
D:6:      lemuel_crystal_altar, trog_wizard
D:7:      the_bakery
D:8:      minmay_cut_squares, serial_shops, kennysheep_little_box
Temple:   regret_index_temple_sphere_string

Skill      XL: |  1  2  3  4  5  6  7  8  9 10 |
---------------+-------------------------------+-----
Conjurations   | 2 3 4 5 7 8 10 | 10.3
Spellcasting   | 4 5 6 7 8 |  8.7
Fire Magic     | 4 5 6 7 |  7.7
Fighting       | 1 2 3 4 |  4.1
Dodging        | 3 4 6 |  6.8
Stealth        | |  2.4

Action                   |  1- 3 |  4- 6 |  7- 9 | 10-12 || total
-------------------------+-------+-------+-------+-------++-------
Melee: Halberd           |       |    13 |    82 |       ||    95
Throw: Javelin           |    18 |     8 |     6 |     1 ||    33
 Cast: Flame Tongue      |    85 |   112 |   200 |    15 ||   412
       Conjure Flame     |       |     9 |     8 |     2 ||    19
       Sticky Flame      |       |     1 |    15 |     2 ||    18
       Fireball          |       |       |       |     4 ||     4
  Use: Scroll            |     4 |     8 |     6 |       ||    18
       Potion            |       |       |     1 |       ||     1
  Eat: Chunk             |     3 |     9 |     8 |     2 ||    22
       Bread ration      |       |       |     1 |       ||     1
Armor: Robe              |     3 |     8 |    67 |       ||    78
Dodge: Dodged            |    24 |    17 |   100 |     7 ||   148
